Map: Automaton LE

Players

ZaZen - Winner!

  • Race: Terran Terran
  • League: Silver
  • Spawn Location: 9:00

jokes

  • Race: Protoss Protoss
  • League: Gold
  • Spawn Location: 3:00

VOD

Have the link to the VOD?

Description

Time

  • Played on: May 18, 2019, 10:45 p.m.
  • Length: 11:46
Show
View Real Time Build Order
Export as new Build Order

ZaZen Terran - Winner!

Build Orders: Gas First Reaper Expand 

Get SALT Encoding   

  12  0:01  SCV  
  13  0:18  Supply Depot  
  13  0:19  SCV  
  14  0:31  SCV  
  14  0:32  Refinery  
  15  0:43  SCV  
  15  0:49  Barracks  
  16  0:55  SCV  
  17  1:07  SCV  
  18  1:19  SCV  
  19  1:36  Orbital Command  
  19  1:41  Reaper  
  19  1:42  Supply Depot  
  20  2:01  Command Center  
  20  2:03  SCV  
  21  2:14  Reaper  
  22  2:18  Factory  
  22  2:22  Refinery  
  22  2:40  SCV  
  23  2:46  Barracks Reactor  
  22  3:25  Orbital Command  
  22  3:26  Factory Tech Lab  
  21  3:28  Starport, Marine x2  
  21  3:32  Bunker  
  23  3:46  Marine x2  
  25  3:49  Barracks  
  25  3:50  Cyclone  
  25  3:54  Barracks  
  28  4:04  Marine  
  28  4:05  SCV x2  
  31  4:20  SCV x2  
  31  4:23  Cyclone  
  36  4:28  Starport Tech Lab  
  36  4:33  Engineering Bay  
  36  4:35  SCV, Engineering Bay  
  37  4:41  Marine x2  
  39  4:49  Raven  
  41  4:52  Barracks Reactor  
  41  4:53  Barracks Reactor  
  41  5:05  Marine  
  42  5:11  SCV x2  
  44  5:18  Supply Depot  
  44  5:20  Supply Depot  
  44  5:21  Missile Turret  
  44  5:29  Missile Turret  
  44  5:32  SCV x2  
  46  5:39  Siege Tank  
  46  5:41  Terran Infantry Weapons Level 1  
  49  5:45  Terran Infantry Armor Level 1  
  49  5:47  SCV  
  49  5:48  SCV  
  51  6:06  Marine x2  
  51  6:07  Marine x2  
  55  6:15  SCV x2, Command Center  
  59  6:18  Marauder  
  59  6:22  Stimpack  
  59  6:25  Siege Tank  
  62  6:27  SCV  
  63  6:33  Refinery  
  63  6:34  Refinery  
  63  6:44  SCV  
  63  6:45  SCV  
  65  6:53  Medivac  
  67  7:00  SCV x2  
  69  7:18  Armory  
  69  7:29  Orbital Command  
  69  7:47  Orbital Command  
  69  7:52  Barracks  
  69  7:59  Marine, Barracks  
  69  8:00  Marine x4  
  69  8:01  Siege Tank, Factory  
  77  8:23  Combat Shield  
  77  8:25  SCV x2  
  79  8:32  Refinery  
  79  8:33  SCV  
  80  8:36  Medivac, Siege Tank, Refinery  
  80  8:37  SCV, Medivac  
  80  8:38  Marine x2  
  80  8:39  Marine  
  91  8:42  Terran Infantry Weapons Level 2  
  91  8:45  SCV x2  
  93  8:55  Supply Depot  
  93  8:56  Supply Depot  
  93  8:58  Barracks Reactor  
  93  8:59  Supply Depot, Barracks Reactor  
  93  9:00  Factory Tech Lab  
  93  9:07  Terran Infantry Armor Level 2  
  93  9:09  Supply Depot  
  93  9:10  Supply Depot  
  93  9:11  Supply Depot  
  93  9:17  SCV x2, Siege Tank, Marine x3  
  93  9:18  Marine  
  102  9:26  Marauder  
  102  9:30  Siege Tank  
  107  9:32  Medivac  
  107  9:33  Supply Depot  
  107  9:34  Supply Depot  
  107  9:35  Supply Depot  
  109  9:41  Concussive Shells  
  109  9:43  SCV  
  109  9:44  SCV x2  
  109  9:45  Sensor Tower, Marine x3  
  112  9:46  Marine x3  
  112  9:48  Marine x2  
  120  9:55  SCV  
  121  10:03  Supply Depot  
  121  10:05  Marine  
  121  10:06  Marine x3  
  125  10:08  Siege Tank x2  
  125  10:12  SCV x2  
  133  10:20  SCV  
  134  10:23  Liberator x2  
  134  10:24  SCV  
  135  10:28  Marine  
  135  10:29  Marine x7  
  135  10:30  Marine  
  150  10:46  Marine  
  147  11:14  Marine x6  
  147  11:15  Marine  
  147  11:17  Marauder  
Show
View Real Time Build Order
Export as new Build Order

jokes Protoss 

Build Orders: Chargelot Immortal 

Get SALT Encoding   

  12  0:02  Probe  
  13  0:15  Pylon  
  13  0:16  Probe  
  14  0:24  Probe  
  15  0:38  Probe  
  15  0:40  Gateway  
  16  0:55  Gateway  
  16  1:07  Pylon  
  16  1:16  Forge  
  16  1:24  Assimilator  
  16  1:29  Zealot  
  18  1:42  Cybernetics Core  
  18  1:43  Probe  
  18  1:45  Pylon  
  19  1:51  Probe  
  19  2:01  Probe  
  21  2:17  Warp Gate  
  21  2:28  Nexus  
  21  2:33  Pylon  
  21  2:44  Stalker  
  23  2:59  Photon Cannon  
  23  3:03  Probe  
  23  3:15  Probe  
  24  3:28  Probe  
  25  3:39  Photon Cannon  
  25  3:40  Probe  
  26  3:41  Probe  
  26  3:44  Photon Cannon  
  27  3:52  Probe  
  28  4:04  Probe  
  29  4:13  Gateway  
  29  4:14  Gateway  
  29  4:16  Gateway  
  29  4:18  Pylon  
  29  4:32  Probe  
  29  4:34  Probe  
  31  4:40  Probe  
  32  4:46  Probe  
  32  4:51  Probe  
  32  4:52  Robotics Facility  
  33  4:58  Probe  
  35  5:01  Protoss Ground Weapons Level 1  
  35  5:03  Probe  
  36  5:07  Stalker  
  36  5:08  Stalker  
  36  5:10  Probe  
  41  5:15  Probe  
  41  5:21  Shield Battery  
  42  5:22  Probe  
  42  5:23  Shield Battery  
  42  5:24  Pylon  
  42  5:27  Probe  
  44  5:30  Pylon  
  44  5:41  Assimilator  
  44  5:44  Assimilator, Probe  
  44  5:45  Assimilator  
  44  5:46  Pylon  
  45  5:52  Observer, Probe  
  47  5:57  Zealot x2  
  47  5:58  Zealot x2  
  55  6:10  Twilight Council  
  55  6:14  Photon Cannon  
  55  6:26  Zealot x2  
  55  6:27  Zealot x2  
  63  6:35  Observer, Pylon  
  63  6:36  Pylon  
  64  6:56  Zealot, Immortal  
  64  6:59  Zealot  
  64  7:00  Probe  
  73  7:06  Pylon  
  73  7:09  Protoss Ground Armor Level 1  
  73  7:10  Charge  
  73  7:12  Probe  
  74  7:18  Robotics Facility  
  74  7:39  Immortal  
  74  7:50  Pylon  
  78  7:52  Pylon  
  78  7:55  Pylon  
  78  8:03  Probe  
  78  8:11  Probe  
  79  8:18  Immortal  
  79  8:19  Probe  
  85  8:27  Probe  
  85  8:32  Photon Cannon, Nexus  
  86  8:39  Probe  
  87  8:42  Nexus  
  87  8:48  Photon Cannon  
  87  8:50  Photon Cannon  
  87  8:51  Probe  
  87  8:53  Photon Cannon  
  87  8:55  Photon Cannon  
  88  8:58  Photon Cannon  
  88  9:00  Probe  
  88  9:08  Probe  
  89  9:15  Photon Cannon  
  90  9:20  Probe  
  90  9:22  Photon Cannon  
  91  9:24  Shield Battery  
  91  9:27  Probe, Shield Battery  
  91  9:30  Shield Battery  
  92  9:33  Probe  
  92  9:34  Pylon, Shield Battery  
  92  9:35  Probe  
  92  9:37  Pylon  
  93  9:45  Probe  
  94  9:47  Immortal  
  99  10:03  Templar Archives  
  99  10:05  Immortal  
  103  10:33  Pylon  
  103  10:36  Pylon  
  103  10:37  Probe  
  103  10:38  Pylon  
  103  10:41  Pylon  
  104  10:46  Assimilator  
  104  10:49  Assimilator, Probe  
  104  11:01  Probe  
  95  11:10  Zealot x2  
  95  11:11  Zealot x2  
  87  11:12  Zealot  
  91  11:29  Gateway  
  91  11:32  Gateway  
  65  11:33  Gateway  
  65  11:36  Gateway  
Tags
 
Add a new tag
Caveats
  • Supply blocks, unpowered buildings, or Contaminate may cause inaccurate times.
  • Supply counts are checked every 10 seconds.